 Dungeon Crawl Stone Soup version 0.21.0-3-g78d12a8 (webtiles) character file.

9232 Jatast the Spear-Bearer (level 11, -2/86 HPs)
             Began as a Human Wanderer on Jan 10, 2018.
             Was a Priest of Yredelemnul.
             Slain by a minotaur
             ... wielding the +7 trident of Mutilation {pierce, Str+4 Int+4}
              (5 damage)
             ... in a labyrinth.
             The game lasted 00:55:57 (17374 turns).

Jatast the Spear-Bearer (Human Wanderer)           Turns: 17374, Time: 00:55:57

Health: -2/86      AC: 15    Str: 16    XL:     11   Next: 70%
Magic:  16/16      EV:  8    Int: 12    God:    Yredelemnul [***...]
Gold:   556        SH:  0    Dex: 15    Spells: 10/10 levels left

rFire    . . .     SeeInvis .   m - +0 glaive
rCold    . . .     Gourm    .   (shield currently unavailable)
rNeg     . . .     Faith    .   i - +1 storm dragon scales
rPois    .         Spirit   .   (no helmet)
rElec    +         Reflect  .   (no cloak)
rCorr    .         Harm     .   k - +0 pair of gloves
MR       .....                  (no boots)
Stlth    ..........             (no amulet)
HPRegen  0.24/turn              (no ring)
MPRegen  0.15/turn              (no ring)

@: no status effects
A: thin skeletal structure 1, blurry vision 1
a: Recall Undead Slaves, Injury Mirror, Animate Dead, Renounce Religion


You were in a labyrinth.
You worshipped Yredelemnul.
Yredelemnul was most pleased with you.
You were not hungry.

You visited 3 branches of the dungeon, and saw 12 of its levels.
You also visited: Labyrinth.

You collected 556 gold pieces.

Inventory:

Hand Weapons
 a - a +1 spear of flaming
 b - a +0 hunting sling of velocity
 e - a +0 trident
 m - a +0 glaive (weapon)
Missiles
 c - a throwing net (quivered)
 I - 61 sling bullets
Armour
 i - +1 storm dragon scales (worn)
 k - a +0 pair of gloves (worn)
Jewellery
 o - an uncursed ring of wizardry
Wands
 j - a wand of polymorph (9)
 q - a wand of iceblast (3)
 s - a wand of flame (18)
 w - a wand of digging (4)
 B - a wand of paralysis (23)
 C - a wand of enslavement (17)
Scrolls
 n - 2 scrolls of enchant weapon
 u - 3 scrolls of enchant armour
 v - 4 scrolls of teleportation
 y - 2 scrolls of amnesia
 A - a scroll of fear
 F - 4 scrolls of remove curse
 N - a scroll of blinking
Potions
 d - 2 potions of agility {unknown}
 r - 3 potions of resistance
 x - a potion of ambrosia
 z - a potion of degeneration {unknown}
 D - 3 potions of heal wounds
 H - a potion of brilliance {unknown}
 J - 2 potions of flight {unknown}
 L - 2 potions of cancellation {unknown}
Books
 K - a book of Conjurations

   Spells                             Type                      Level
   a - Magic Dart                     Conjuration                  1
   b - Searing Ray                    Conjuration                  2
   c - Dazzling Spray                 Conjuration/Hexes            3
   d - Fulminant Prism                Conjuration/Hexes            4
   e - Force Lance                    Conjuration/Translocation    4
   f - Iskenderun's Mystic Blast      Conjuration                  4
Comestibles
 f - 17 rations


   Skills:
 - Level 7.9 Fighting
 + Level 11.7 Polearms
 - Level 7.4 Armour
 - Level 2.4 Dodging
   Level 1.0 Shields
   Level 2.0 Ice Magic
   Level 1.0 Poison Magic
 - Level 7.9 Invocations
 - Level 1.0 Evocations


You had 10 spell levels left.
You didn't know any spells.

Dungeon Overview and Level Annotations

Branches:
Dungeon (9/15)             Temple (1/1) D:6            Lair (2/6) D:8
 Shoals (0/4) Lair:2          Orc (0/2) D:9
  Snake: Lair:2-4    Spider: Lair:2-4

Altars:
Ashenzari
Cheibriados
Dithmenos
Elyvilon
Fedhas
Gozag
Hepliaklqana
Kikubaaqudgha
Makhleb
Nemelex Xobeh
Okawaru
Qazlal
Ru
Sif Muna
Trog
Uskayaw
Vehumet
Wu Jian
Xom
Yredelemnul
Zin
The Shining One

Annotations:
D:8 2 runed doors, exclusion: orange crystal statue
D:9 namelastname112's ghost, journeyman DrSu
Lair:1 exclusion: oklob plant


Innate Abilities, Weirdness & Mutations

You have a somewhat thin skeletal structure. (Dex +2, Stealth)
Scrolls take you a little longer to read.


Message History

Press: ? - help, Shift-Dir - straight line, f/p - minotaur
Aim: a minotaur, wielding a crude trident {pierce} and wearing a plate armour (moderately wounded, chance to defeat MR: 35%)
The minotaur easily resists.
Your redback zombie bites the minotaur!
Evoke which item? (* to show all) (? for menu, Esc to quit)
Aiming: Disintegrate
Press: ? - help, Shift-Dir - straight line, f/p - minotaur
Aim: a minotaur, wielding a crude trident {pierce} and wearing a plate armour (heavily wounded, chance to defeat MR: 35%)
The minotaur is blasted.
The minotaur hits you but does no damage.
Your redback zombie bites the minotaur but does no damage.
Evoke which item? (* to show all) (? for menu, Esc to quit)
Aiming: Disintegrate
Press: ? - help, Shift-Dir - straight line, f/p - minotaur
Aim: a minotaur, wielding a crude trident {pierce} and wearing a plate armour (severely wounded, chance to defeat MR: 35%)
The minotaur easily resists.
The now-empty wand crumbles to dust.
Your redback zombie bites the minotaur but does no damage.
The minotaur hits you from afar with a crude trident {pierce}!!
* * * LOW HITPOINT WARNING * * *
You die...
Your body rises from the dead as a mindless zombie.

. . # # . #
# ## ## # .
. ... ..# #
#. .
#.#####. #
#.# . .
#..Z#.#
#.#.#. # #.#
#H#.#. # # .
.
#.#.#.#.#.#.
## # # #.#
#@#.#.# # .
# #.###.#. .
#. #. ...#.
...# . .
####### # #
.... ....
#.###.#.#
#.# .. . #.
.. # . . ##
# ... .#.


You could see a minotaur and a friendly redback zombie.

Vanquished Creatures
  2 two-headed ogres (D:8)
  5 elephants (Lair:1)
  Joseph (D:7)
  A komodo dragon (D:8)
  A hornet (D:8)
  3 hippogriffs
  A spriggan (D:7)
  Sigmund (D:5)
  A redback (Lab)
  2 porcupines (Lair:2)
  A black bear (D:9)
  A phantom (D:5)
  2 sky beasts
  3 ogres
  A centaur (D:5)
  3 crocodiles (Lair:1)
  A big kobold (D:7)
  Blork the orc (D:5)
  2 gnoll sergeants
  7 bullfrogs
  A scorpion (D:8)
  5 wights (D:6)
  2 vampire bats (D:5)
  2 electric eels (D:6)
  6 crimson imps
  A quasit (D:7)
  3 hounds
  2 jellies
  2 centaur skeletons
  6 orc priests
  Jessica (D:3)
  3 iguanas
  An orc wizard (D:5)
  A worker ant (D:5)
  A hound skeleton (D:7)
  A worker ant zombie (D:8)
  12 adders
  22 gnolls
  A howler monkey skeleton (D:7)
  A shadow imp (D:7)
  An ooze (D:2)
  2 adder zombies
  2 adder skeletons
  2 worms (D:2)
  2 dart slugs
  2 leopard geckos
  28 orcs
  7 giant cockroaches
  15 goblins
  7 hobgoblins
  6 jackals
  3 quokkas
  A ball python (D:3)
  A ball python skeleton (D:4)
  15 bats
  9 frilled lizards
  11 kobolds
  A leopard gecko skeleton (D:4)
  7 rats
236 creatures vanquished.

Vanquished Creatures (collateral kills)
  2 elephants (Lair:1)
  A komodo dragon (D:8)
  A hippogriff (D:8)
  A redback (Lab)
  A hungry ghost (D:8)
  2 orc warriors (D:8)
  A centaur (D:7)
  A crocodile (Lair:1)
  2 bullfrogs (Lair:1)
  A scorpion (D:8)
  2 crimson imps (D:8)
  A hound (D:8)
  An adder (D:8)
  A gnoll (D:9)
  2 orcs (D:8)
  2 plants (D:8)
22 creatures vanquished.

Vanquished Creatures (others)
  A redback zombie (Lab)
  A two-headed ogre zombie (D:8)
  4 elephant zombies (Lair:1)
  A hornet zombie (D:8)
  A black bear zombie (D:9)
  A bullfrog zombie (Lair:1)
  A sky beast zombie (D:9)
  2 hound zombies (D:8)
  A gnoll zombie (D:9)
  A quokka (D:7)
  A plant (D:8)
15 creatures vanquished.

Grand Total: 273 creatures vanquished

Notes
Turn   | Place    | Note
-------+----------+-------------------------------------------
     0 | D:1      | Jatast the Human Wanderer began the quest for the Orb.
     0 | D:1      | Jatast set off with: a Young Poisoner's Handbook, a potion of curing, Fado's Compendium of the Frostbite, a +0 robe, a +0 club, a ration
     0 | D:1      | Reached XP level 1. HP: 16/16 MP: 1/1
     0 | D:1      | Identified Fado's Compendium of the Frostbite
   210 | D:1      | Reached XP level 2. HP: 13/22 MP: 2/2
   725 | D:1      | Learned a level 1 spell: Sting
   953 | D:1      | Reached XP level 3. HP: 28/28 MP: 0/3
  1789 | D:2      | Reached skill level 1 in Armour
  1863 | D:2      | Reached XP level 4. HP: 35/35 MP: 1/4
  3000 | D:2      | Reached XP level 5. HP: 28/41 MP: 5/5
  3827 | D:3      | Reached XP level 6. HP: 48/48 MP: 6/6
  3835 | D:3      | Noticed Jessica
  3841 | D:3      | Killed Jessica
  5337 | D:4      | Reached skill level 5 in Fighting
  5337 | D:4      | Reached XP level 7. HP: 39/56 MP: 7/7
  6066 | D:5      | Entered Level 5 of the Dungeon
  6288 | D:5      | Reached skill level 5 in Armour
  6452 | D:5      | Found a sparkling altar of Nemelex Xobeh.
  6555 | D:5      | Reached XP level 8. HP: 61/64 MP: 8/8
  6730 | D:5      | Found the +4 Vampire's Tooth {vamp}
  6732 | D:5      | Noticed Blork the orc
  6760 | D:5      | Killed Blork the orc
  7412 | D:5      | Noticed Sigmund
  7415 | D:5      | Killed Sigmund
  8069 | D:6      | Found a staircase to the Ecumenical Temple.
  8076 | Temple   | Entered the Ecumenical Temple
  8253 | Temple   | Became a worshipper of Yredelemnul the Dark
  8374 | D:6      | Reached skill level 1 in Invocations
  8683 | D:6      | Reached skill level 3 in Polearms
  8683 | D:6      | Reached XP level 9. HP: 67/72 MP: 10/10
  8964 | D:6      | Reached skill level 4 in Polearms
  9557 | D:7      | Reached * piety under Yredelemnul
  9785 | D:7      | Reached skill level 5 in Polearms
  9797 | D:7      | Reached skill level 5 in Invocations
  9859 | D:7      | Found a hazy altar of Hepliaklqana.
  9974 | D:7      | Noticed a hippogriff
 10009 | D:7      | Noticed Joseph
 10035 | D:7      | Killed Joseph
 10306 | D:7      | Reached skill level 6 in Polearms
 10510 | D:7      | Killed a hippogriff
 10510 | D:7      | Reached XP level 10. HP: 65/79 MP: 14/14
 10925 | D:8      | Noticed a two-headed ogre
 10959 | D:8      | Killed a two-headed ogre
 10959 | D:8      | Reached skill level 7 in Polearms
 11191 | D:8      | Reached ** piety under Yredelemnul
 11429 | D:8      | Found a staircase to the Lair.
 11429 | D:8      | Noticed a komodo dragon
 11460 | D:8      | Killed a komodo dragon
 11460 | D:8      | Reached skill level 8 in Polearms
 11547 | D:8      | Found a runed door.
 11558 | D:8      | Found the +10 large shield of Ignorance {rN+ Int-4}
 11564 | D:8      | Found a runed door.
 11646 | D:8      | Noticed an orange crystal statue
 11694 | D:9      | Noticed a two-headed ogre
 11814 | D:8      | Paralysed by a hornet for 2 turns
 11968 | D:9      | Noticed namelastname112's ghost (journeyman DrSu)
 12803 | D:9      | Found a staircase to the Orcish Mines.
 13743 | D:8      | Killed a two-headed ogre
 13743 | D:8      | Reached skill level 9 in Polearms
 13743 | D:8      | Reached XP level 11. HP: 50/86 MP: 16/16
 14197 | Lair:1   | Entered Level 1 of the Lair of Beasts
 14379 | Lair:1   | Noticed an elephant
 14380 | Lair:1   | Noticed an elephant
 14381 | Lair:1   | Noticed an elephant
 14382 | Lair:1   | Noticed an elephant
 14885 | Lair:1   | Gained mutation: Scrolls take you a little longer to read. [potion of mutation]
 14885 | Lair:1   | Gained mutation: You have a somewhat thin skeletal structure. (Dex +2, Stealth) [potion of mutation]
 14912 | Lair:1   | Killed an elephant
 14912 | Lair:1   | Reached skill level 10 in Polearms
 15075 | Lair:1   | Killed an elephant
 15131 | Lair:1   | Killed an elephant
 15298 | Lair:1   | Killed an elephant
 15754 | Lair:1   | Found a white marble altar of Elyvilon.
 15867 | Lair:1   | Noticed an elephant
 15870 | Lair:1   | Reached skill level 11 in Polearms
 15874 | Lair:1   | Killed an elephant
 15875 | Lair:1   | Noticed an elephant
 15875 | Lair:1   | Noticed an elephant
 15884 | Lair:1   | Killed an elephant
 15886 | Lair:1   | Killed an elephant
 16112 | Lair:1   | Noticed an oklob plant
 16515 | Lair:2   | Found a labyrinth entrance.
 16520 | Lab      | Entered a labyrinth
 16691 | Lab      | Reached *** piety under Yredelemnul
 17364 | Lab      | Noticed a minotaur
 17374 | Lab      | HP: 3/86 [minotaur/crude trident {pierce} (31)]
 17374 | Lab      | Identified the +7 trident of Mutilation {pierce, Str+4 Int+4}
 17374 | Lab      | Slain by a minotaur

Skill      XL: |  1  2  3  4  5  6  7  8  9 10 11 |
---------------+----------------------------------+-----
Dodging        | 2 |  2.4
Armour         | 1 2 4 5 6 7 |  7.4
Fighting       | 3 4 5 7 |  7.9
Invocations    | 2 6 7 |  7.9
Polearms       | 3 6 9 11 | 11.7
Shields        | |  1.0
Ice Magic      | |  2.0
Poison Magic   | |  1.0
Evocations     | |  1.0

Action                   |  1- 3 |  4- 6 |  7- 9 | 10-12 || total
-------------------------+-------+-------+-------+-------++-------
Melee: Club              |    19 |       |       |       ||    19
       Spear             |   127 |   333 |   668 |   250 ||  1378
       Dagger            |    28 |       |       |       ||    28
       Glaive            |       |       |       |   196 ||   196
 Fire: Hunting sling     |     2 |    36 |    85 |    13 ||   136
 Cast: Sting             |     9 |       |       |       ||     9
Invok: Animate Remains   |       |       |     2 |    15 ||    17
       Animate Dead      |       |       |       |     2 ||     2
Evoke: Wand              |       |       |    13 |    26 ||    39
  Use: Potion            |     1 |       |       |     5 ||     6
       Scroll            |       |     7 |     5 |     7 ||    19
 Stab: Sleeping          |     1 |       |       |       ||     1
       Distracted        |     1 |       |       |     1 ||     2
       Paralysed         |       |       |    11 |    10 ||    21
  Eat: Chunk             |     4 |    11 |    15 |    16 ||    46
       Ration            |       |       |     1 |     4 ||     5
Armor: Robe              |     7 |       |       |       ||     7
       Ring mail         |    59 |     6 |       |       ||    65
       Storm dragon scal |       |   169 |   401 |   246 ||   816
Dodge: Dodged            |   147 |    95 |   230 |   147 ||   619
